 Dungeon Crawl Stone Soup version 0.31-a0-1267-gfedaa18580 (webtiles) character file.

Game seed: 14005043572028650445

361 grandjackal the Slasher (level 6, -4/53 HPs)
             Began as a Draconian Gladiator on Dec 17, 2023.
             Slain by Edmund
             ... wielding a +0 flail of holy wrath
              (9 damage)
             ... on level 4 of the Dungeon.
             The game lasted 00:03:20 (3437 turns).

grandjackal the Slasher (Draconian Gladiator)       Turns: 3437, Time: 00:03:21

Health: -4/53      AC:  6    Str: 16    XL:     6   Next: 38%
Magic:  6/6        EV: 13    Int:  9    God:
Gold:   211        SH:  0    Dex: 14    Spells: 5/5 levels left

rFire   . . .        a - +1 long sword
rCold   . . .        (no shield)
rNeg    . . .        (body armour unavailable)
rPois   .            b - +0 hat
rElec   .            i - scarf {repulsion}
rCorr   .            (no gloves)
SInv    .            (no boots)
Will    .....        (no amulet)
Stlth   +            (no ring)
HPRegen 0.28/turn    (no ring)
MPRegen 0.10/turn

%: repel missiles
@: lethally poisoned (-4 -> -28)
A: AC +6, unfitting armour, cold-blooded
a: no special abilities


You were on level 4 of the Dungeon.
You visited 1 branch of the dungeon, and saw 4 of its levels.

You collected 211 gold pieces.

Inventory:

Hand Weapons
 a - a +1 long sword (weapon)
 o - a +0 short sword of venom
Missiles
 c - 3 throwing nets (quivered)
 d - a javelin
Armour
 b - a +0 hat (worn)
 i - a scarf of repulsion (worn)
Wands
 s - a wand of polymorph (6)
Scrolls
 h - 6 scrolls of identify {unknown}
 j - a scroll of teleportation {unknown}
 l - a scroll of blinking {unknown}
 t - 2 scrolls of noise
Potions
 e - a potion of lignification {unknown}
 f - 3 potions of mutation {unknown}
 g - a potion of brilliance {unknown}
 k - 4 potions of curing {unknown}
 m - 2 potions of enlightenment {unknown}
 p - a potion of ambrosia {unknown}
 q - 2 potions of magic {unknown}
 u - a potion of might {unknown}


   Skills:
 + Level 4.6 Fighting
 + Level 4.7 Long Blades
 - Level 2.0 Throwing
 + Level 4.3 Dodging


You had 5 spell levels left.
You didn't know any spells.
Your spell library was empty.

Dungeon Overview and Level Annotations

Branches:
Dungeon (4/15)
 Temple: D:4-7

Altars:
Elyvilon
Gozag

Annotations:
D:3 2 transporters, Rudyous's ghost, amateur DgFE
D:4 Edmund; Sigmund


Innate Abilities, Weirdness & Mutations

Your plain brown scales are hard. (AC +6)
You cannot fit into any form of body armour.
You are cold-blooded and may be slowed by cold attacks.


Message History

Sigmund casts a spell.
Sigmund flickers and vanishes!
Deactivating autopickup; reactivate with Ctrl-A.
Edmund the Younger comes into view.
He is wielding a +0 flail of holy wrath.
You hit Edmund.
Your tail-slap misses Edmund.
Edmund is lightly wounded.
Edmund hits you with a +0 flail of holy wrath!
You barely miss Edmund. You tail-slap Edmund, but do no damage.
Edmund is lightly wounded.
Edmund misses you.
You hit Edmund.
Edmund is lightly wounded.
Edmund hits you with a +0 flail of holy wrath. x2
Something hits you but does no damage.
You are poisoned.
Edmund hits you but does no damage.
You feel very sick.
You feel sick.
You feel sick.
As you read the scroll labelled KUNOPIUREKH, it crumbles to dust.
You hear a loud clanging noise!
It was a scroll of noise.
You feel sick.
You hear a shout!
As you read the scroll labelled SAOCYAG XAQAIDD, it crumbles to dust.
Wisps of shadow whirl around you...
It was a scroll of summoning.
You feel sick. Something hits you!
You are more poisoned.
Edmund hits you with a +0 flail of holy wrath.
As you read the scroll labelled MILESM ATOENK, it crumbles to dust.
It is a scroll of enchant weapon.
Your +0 long sword glows red for a moment.
* * * LOW HITPOINT WARNING * * *
You feel very sick. Something hits you!
* * * LOW HITPOINT WARNING * * *
You are more poisoned.
Your quokka bites Edmund.
Edmund hits you with a +0 flail of holy wrath!
You die...
Edmund whines, "They better pay attention to me now!"

.............#.## #.#####
.............#..## ##..###
.............#..[#..#....#
.............#..##..#....#
.............#......#...##
.................#..#..##
...#.............# .#..#
...#.........#.wB# #..#
.............#.@@####..##
≈.≈≈≈≈≈.≈....#r..#..#...##
≈.......≈....#...#..#.<..#
≈.≈...≈.≈....#......#....##
≈.≈._.≈.≈....#)#....#.....#
≈.≈...≈.≈....########...###
≈...)...≈.#....)......###
≈.≈≈≈≈≈.≈.##...########
.............###


You could see Edmund (ally target), a friendly dart slug (summoned), a friendly
quokka (summoned) and a friendly giant cockroach (summoned).

Vanquished Creatures
  A phantom (D:4)
  A scorpion (D:4)
  An orc wizard (D:4)
  3 gnolls
  8 adders
  2 worms
  7 orcs
  11 ball pythons
  6 bats
  6 endoplasms
  3 giant cockroaches
  10 goblins
  7 hobgoblins
  3 jackals (D:2)
  2 quokkas
  A frilled lizard (D:1)
  10 kobolds
  A rat (D:1)
83 creatures vanquished.

Notes
Turn   | Place    | Note
-------+----------+-------------------------------------------
     0 | D:1      | grandjackal the Draconian Gladiator began the quest for the
                  | Orb.
     0 | D:1      | Reached XP level 1. HP: 17/17 MP: 1/1
   131 | D:1      | Reached XP level 2. HP: 22/25 MP: 2/2
   598 | D:2      | Reached XP level 3. HP: 27/30 MP: 3/3
  1016 | D:2      | Reached XP level 4. HP: 38/38 MP: 4/4
  1876 | D:3      | Found an opulent altar of Gozag.
  1945 | D:3      | Noticed a gnoll sergeant
  2245 | D:3      | Found a transporter.
  2263 | D:3      | Noticed Rudyous's ghost (amateur DgFE)
  2299 | D:3      | Found a transporter.
  2414 | D:4      | Noticed a scorpion
  2423 | D:4      | Killed a scorpion
  2424 | D:4      | Reached XP level 5. HP: 29/46 MP: 5/5
  2527 | D:4      | Found a white marble altar of Elyvilon.
  2758 | D:4      | Noticed a phantom
  2774 | D:4      | Killed a phantom
  2775 | D:4      | Reached XP level 6. HP: 30/53 MP: 6/6
  3425 | D:4      | Noticed Sigmund
  3426 | D:4      | Noticed Edmund
  3437 | D:4      | Slain by Edmund

Illustrated notes

Levels and vault maps discovered:
D:1:      mrwooster_arrival_statue_3, layout_rooms, serial_curves,
          eino_curves_04, eino_curves_03, eino_curves_03
D:2:      layout_basic
D:3:      layout_basic, mainiacjoe_overflow_24_doors,
          gammafunk_ghost_gnarly_gnolls, minmay_tree_intersection, minivault_4
D:4:      layout_cave_pools, mainiacjoe_overflow_cross_hatched,
          sigmund_edmund_badplayer

Skill      XL: |  1  2  3  4  5 |
---------------+----------------+-----
Throwing       | 2 |  2.0
Dodging        | 3 4 |  4.3
Fighting       | 3 4 |  4.6
Long Blades    | 4 |  4.7

Action                     |  1- 3 |  4- 6 || total
---------------------------+-------+-------++-------
  Melee: Long sword        |    97 |   165 ||   262
         Tailslap          |    11 |    12 ||    23
         Short sword       |       |     5 ||     5
         Punch             |       |     1 ||     1
    Use: Scroll            |       |     3 ||     3
   Stab: Sleeping          |     1 |       ||     1
 Armour: Skin              |    69 |   136 ||   205
  Dodge: Dodged            |    94 |   124 ||   218
         Repelled          |       |     1 ||     1

Table legend: (Time is in decaauts)
 A = Elapsed time spent in this place.
 B = Non-inter-level travel time spent in this place.
 C = Inter-level travel time spent in this place.
 D = Time resting spent in this place.
 E = Time spent auto-exploring this place.
 F = Levels seen in this place.
 G = Mean time per level.
                   A        B        C        D        E       F      G
               +--------+--------+--------+--------+--------+-----+--------+
         Total |   3502 |   3418 |     84 |    503 |   2219 |   4 |  875.5 |
       Dungeon |   3502 |   3418 |     84 |    503 |   2219 |   4 |  875.5 |
               +--------+--------+--------+--------+--------+-----+--------+

Top non-repeatable levels by time:
     D:2: 1075 daAuts
     D:4: 912 daAuts
     D:3: 904 daAuts
     D:1: 608 daAuts
